 Dungeon Crawl Stone Soup version 0.21-a0-426-g98080a9 (webtiles) character file.

36 mastercheaf21 the Sneak (level 3, 0/24 HPs)
             Began as an Octopode Assassin on Nov 7, 2017.
             Slain by a goblin (4 damage)
             ... on level 2 of the Dungeon.
             The game lasted 00:03:03 (848 turns).

mastercheaf21 the Sneak (Octopode Assassin)          Turns: 848, Time: 00:03:04

Health: 0/24       AC:  1    Str: 10    XL:     3   Next: 37%
Magic:  3/3        EV: 13    Int: 13    God:
Gold:   57         SH:  0    Dex: 14    Spells: 2/2 levels left

rFire    . . .     SeeInvis .   a - +2 dagger
rCold    . . .     Gourm    .   (no shield)
rNeg     . . .     Faith    .   (helmet restricted)
rPois    .         Spirit   .   (no amulet)
rElec    .         Reflect  .   (no ring)
rCorr    .         Harm     .   (no ring)
MR       .....                  (no ring)
Stlth    ++++......             (no ring)
HPRegen  0.08/turn              (no ring)
MPRegen  0.08/turn              (no ring)
                                (no ring)
                                (no ring)

@: no status effects
A: almost no armour, stealthy swim, amphibious, 8 rings, constrict 8, camouflage
1, gelatinous body 1
a: no special abilities


You were on level 2 of the Dungeon.
You were not hungry.

You visited 1 branch of the dungeon, and saw 2 of its levels.

You collected 57 gold pieces.

Inventory:

Hand Weapons
 a - a +2 dagger (weapon)
 b - a +0 blowgun
Missiles
 c - 14 poisoned needles
 d - 2 curare-tipped needles
Armour
 t - a cursed +0 cloak
Scrolls
 i - 2 scrolls of remove curse {unknown}
 k - 2 scrolls of identify {unknown}
 l - a scroll of noise {unknown}
 o - a scroll of fog {unknown}
 r - a scroll of teleportation {unknown}
 s - a scroll of recharging {unknown}
Potions
 e - a potion of heal wounds {unknown}
 h - a potion of agility {unknown}
 m - a potion of lignification {unknown}
 n - 2 potions of degeneration {unknown}
 p - a potion of might {unknown}
 q - a potion of invisibility {unknown}
Comestibles
 f - a bread ration
 g - 3 chunks of flesh
 j - a royal jelly


   Skills:
 - Level 2.0 Fighting
 - Level 2.0 Short Blades
 - Level 2.0 Throwing
 * Level 1.6 Dodging
 + Level 6.6 Stealth


You had 2 spell levels left.
You didn't know any spells.

Dungeon Overview and Level Annotations

Branches:
Dungeon (2/15)

Altars:

Annotations:
D:2 Ijyb


Innate Abilities, Weirdness & Mutations

You cannot wear most types of armour.
You are very stealthy in the water. (Stealth+)
You are amphibious.
You can wear up to eight rings at the same time.
You can use your tentacles to constrict eight enemies at once.
Your skin changes colour to match your surroundings (Stealth+).
Your rubbery body absorbs attacks. (AC +1, EV +1)


Message History

You constrict the goblin.
You kill the goblin!
A goblin comes into view. It is wielding a dagger.
The goblin hits you with a club.
Items here: ( )) † a dagger; a hunting sling; 14 stones; a goblin corpse The goblin hits you with a club.
The goblin hits you.
* * * LOW HITPOINT WARNING * * *
The goblin closely misses you. The goblin hits you but does no damage.
The goblin completely misses you. The goblin barely misses you.
An adder comes into view.
The adder hisses angrily. x2
The goblin closely misses you. The goblin hits you with a club.
* * * LOW HITPOINT WARNING * * *
The goblin barely misses you. The goblin hits you.
You die...

#.#####..#.<..##.#####
..####...###...#.........
...............#....S....
######..#####..#......... ##
..............S.. .#
##....#..#.....
.#####.##....#.†###.##
....<#.......#......#########
.########...##(.@.g..........
## #........†.ggggg....... #
#.#####................ #
#................ #
#........)....### #######
#.##........?.# ......#
#.....#8.....8# ......#
#####.#.......# ......#
#<#.#8.....8#


You could see Ijyb, an adder and 5 goblins.

Vanquished Creatures
  An ooze (D:1)
  A worm (D:2)
  A dart slug (D:1)
  An orc (D:2)
  A giant cockroach (D:1)
  3 goblins
  4 hobgoblins (D:1)
  5 bats
  2 frilled lizards
  4 kobolds
  4 rats
27 creatures vanquished.

Notes
Turn   | Place    | Note
-------+----------+-------------------------------------------
     0 | D:1      | mastercheaf21 the Octopode Assassin began the quest for the Orb.
     0 | D:1      | Reached XP level 1. HP: 14/14 MP: 1/1
   105 | D:1      | Reached XP level 2. HP: 19/19 MP: 2/2
   133 | D:1      | Reached skill level 6 in Stealth
   443 | D:1      | Reached XP level 3. HP: 23/24 MP: 3/3
   837 | D:2      | Noticed Ijyb
   848 | D:2      | Slain by a goblin

Vault maps used:
D:1:      onia_arrival_mini_spirals
D:2:      kennysheep_the_goblin_king, nicolae_overflow_crystal_walls

Skill      XL: |  1  2 |
---------------+-------+-----
Stealth        | 6 |  6.6
Fighting       | |  2.0
Short Blades   | |  2.0
Throwing       | |  2.0
Dodging        | |  1.6

Action                   || total
-------------------------++-------
Melee: Dagger            ||    47
       Constrict         ||     9
       Tentacles         ||     8
 Stab: Sleeping          ||     7
Armor: Skin              ||     7
Dodge: Dodged            ||    44

Table legend:
 A = Spawn XP
 B = Non-spawn XP
 C = Spawn XP percentage of total XP
 D = Spawn monster count
 E = Non-spawn monster count
 F = Spawn count percentage of total count
 G = Total turns spent on level
                    A         B        C        D         E        F      G
               +---------+---------+-------+---------+---------+-------+---------
         Total |       0 |      52 |   0.0 |       0 |      27 |   0.0 |   848
               +---------+---------+-------+---------+---------+-------+---------
           D:1 |       0 |      36 |   0.0 |       0 |      20 |   0.0 |   644
           D:2 |       0 |      16 |   0.0 |       0 |       7 |   0.0 |   204
               +---------+---------+-------+---------+---------+-------+---------
